 Dungeon Crawl Stone Soup version 0.30.1-1-g62c8e00024 (webtiles) character file.

Game seed: 4488050169973420260

167 GeoRichter the Shooter (level 5, -5/25 HPs)
             Began as a Spriggan Hexslinger on July 16, 2023.
             Was an Initiate of Lugonu.
             Killed from afar by an orc wizard (10 damage)
             ... with a puff of flame
             ... on level 3 of the Dungeon.
             The game lasted 00:04:28 (2194 turns).

GeoRichter the Shooter (Spriggan Hexslinger)        Turns: 2194, Time: 00:04:29

Health: -5/25      AC:  2    Str: 12    XL:     5   Next: 23%
Magic:  8/8        EV: 17    Int: 15    God:    Lugonu [......]
Gold:   177        SH:  5    Dex: 17    Spells: 5/6 levels left

rFire   . . .        a - +1 sling
rCold   . . .        (no shield)
rNeg    . . .        b - +0 robe {Will+}
rPois   +            (helmet restricted)
rElec   .            (no cloak)
rCorr   .            (gloves unavailable)
SInv    +            (boots unavailable)
Will    +....        e - amulet of reflection
Stlth   ++           i - +6 ring of strength
HPRegen 0.24/turn    t - ring of poison resistance
MPRegen 0.11/turn

%: reflection
@: very quick
A: very small, no large weapons, unfitting armour, see invisible, speed 3
a: Renounce Religion


You were on level 3 of the Dungeon.
You worshipped Lugonu.
Lugonu was noncommittal.
You visited 1 branch of the dungeon, and saw 4 of its levels.

You collected 177 gold pieces.

Inventory:

Hand Weapons
 a - a +1 sling (weapon)
Missiles
 j - 5 boomerangs of dispersal {!f}
Armour
 b - a +0 robe of willpower (worn)
   (You found it on level 2 of the Dungeon)
Jewellery
 e - an amulet of reflection (around neck)
   (You found it on level 1 of the Dungeon)
 i - a +6 ring of strength (left hand)
   (You found it on level 1 of the Dungeon)
 t - a ring of poison resistance (right hand)
   (You found it on level 3 of the Dungeon)
Wands
 s - a wand of polymorph (12)
   (You found it on level 3 of the Dungeon)
Scrolls
 c - a scroll of enchant armour {unknown}
 h - a scroll of teleportation {@r4}
 k - a scroll of noise {unknown}
 n - a scroll of brand weapon {unknown}
 q - 2 scrolls of identify {unknown}
 r - a scroll of amnesia {unknown}
Potions
 d - 3 potions of heal wounds {unknown}
 f - 3 potions of curing {unknown}
 g - a potion of haste {unknown}
 l - a potion of degeneration {unknown}
 m - 2 potions of mutation {unknown}
 o - a potion of flight {unknown}
 p - 2 potions of brilliance {unknown}


   Skills:
 - Level 0.7 Fighting
 * Level 5.5 Ranged Weapons
 - Level 2.6 Dodging
 - Level 1.3 Spellcasting
 - Level 3.6 Hexes


You had 5 spell levels left.
You knew the following spells:

 Your Spells              Type           Power      Damage    Failure   Level
a - Slow                  Hex            44%        N/A       5%          1

Your spell library contained the following spells:

 Spells                   Type           Power      Damage    Failure   Level
 Magic Dart               Conj           4%         1d3       24%         1
 Searing Ray              Conj           2%         2d4       34%         2
 Inner Flame              Hex/Fire       6%         N/A       34%         3
 Portal Projectile        Hex/Tloc       12%        N/A       34%         3
 Cause Fear               Hex            5%         N/A       47%         4
 Fulminant Prism          Conj/Hex       3%         3d5       75%         4


Dungeon Overview and Level Annotations

Branches:
Dungeon (4/15) Zot: 22383
 Temple: D:4-7

Altars:
Lugonu

Portals:
Abyss: D:3

Annotations:
D:3 2 runed translucent doors, Descartes's ghost, amateur FoFi


Innate Abilities, Weirdness & Mutations

You are very small and have problems with some larger weapons.
You are too small for most types of armour.
You have supernaturally acute eyesight. (SInv)
You cover ground extremely quickly. (Speed+++)


Message History

You kill the gnoll!
Lugonu accepts your kill.
HP restored.
Things that are here:
a +0 club; a gnoll corpse You see here a +0 dagger of flaming.
Descartes's ghost turns its malevolent gaze towards you.
You hear an angry hiss. x2
You see here 4 stones.
You see here a +0 dagger of flaming.
Things that are here:
a +0 club; a gnoll corpse
There is a stone staircase leading down here.
You see here a +0 club.
There is a stone staircase leading down here.
You climb downwards.
The orc shouts!
There is a stone staircase leading up here.
The orc wizard gestures wildly while chanting.
The orc wizard flickers and vanishes for a moment.
The orc shouts! x2
You climb upwards.
Level annotation: 2 runed translucent doors, Descartes's ghost, amateur FoFi
There is a stone staircase leading down here.
You shoot a sling bullet. The sling bullet misses the orc wizard.
The orc wizard completely misses you.
You shoot a sling bullet.
The sling bullet barely misses the orc wizard.
The orc wizard misses you.
You shoot a sling bullet.
The sling bullet hits the orc wizard but does no damage.
You block the orc wizard's attack.
You shoot a sling bullet.
The sling bullet closely misses the orc wizard.
The orc wizard hits you with a +0 dagger.
You shoot a sling bullet.
The sling bullet closely misses the orc wizard.
The orc wizard hits you with a +0 dagger.
You shoot a sling bullet.
The sling bullet barely misses the orc wizard.
The orc wizard hits you with a +0 dagger.
The orc wizard points at you and mumbles some strange words.
The magic dart hits you.
* * * LOW HITPOINT WARNING * * *
The orc wizard casts a spell at you. The magic dart hits you.
* * * LOW HITPOINT WARNING * * *
The orc wizard gestures at you while chanting.
The puff of flame hits you!
You die...

############
#...>......#####
######.#####........#
#.......<.....[.....#
###.####.####...#.##..#
....# #.##.....@..#.<#
.##.#
#.##.......#...########
###.#
#.#.........#>........#
....#
#............o.######.#
###.####........#.##)[#
#.#
#.#........#.##.##.>##
#.#
#[#.#......#.##.##.#)#
#.##
##.#.#...........#..)##
#..#
#....#.........###.#.#
##.#


You could see an orc wizard (invisible).

Vanquished Creatures
  Terence (D:2)
  2 adders (D:3)
  6 gnolls
  4 orcs (D:3)
  5 bats
  7 endoplasms
  6 giant cockroaches
  5 goblins
  5 hobgoblins
  4 jackals (D:3)
  2 quokkas
  2 ball pythons (D:2)
  3 frilled lizards
  3 kobolds
  3 rats
  A lurking horror (D:3)
59 creatures vanquished.

Notes
Turn   | Place    | Note
-------+----------+-------------------------------------------
     0 | D:1      | GeoRichter the Spriggan Hexslinger began the quest for the
                  | Orb.
     0 | D:1      | Reached XP level 1. HP: 9/9 MP: 3/3
    46 | D:1      | Reached XP level 2. HP: 14/14 MP: 3/5
    83 | D:1      | Reached skill level 3 in Ranged Weapons
   232 | D:1      | Reached XP level 3. HP: 17/17 MP: 6/6
   633 | D:2      | Noticed Terence
   797 | D:2      | Killed Terence
   798 | D:2      | Reached skill level 4 in Ranged Weapons
   798 | D:2      | Reached XP level 4. HP: 21/21 MP: 7/7
  1204 | D:3      | Reached skill level 5 in Ranged Weapons
  1317 | D:3      | Found a runed translucent door.
  1321 | D:3      | Noticed Descartes's ghost (amateur FoFi)
  1375 | D:3      | Reached XP level 5. HP: 25/25 MP: 8/8
  1404 | D:3      | Found a runed translucent door.
  1568 | D:3      | Found a one-way gate to the infinite horrors of the Abyss.
  1569 | D:3      | Found a corrupted altar of Lugonu.
  1662 | D:3      | Became a worshipper of Lugonu the Unformed
  1970 | D:3      | Found a faded altar of an unknown god.
  2194 | D:3      | Killed from afar by an orc wizard

Illustrated notes

Levels and vault maps discovered:
D:1:      dpeg_arrival_rooms_c, layout_rooms, corner_web_ring, minmay_tromino_v7
D:2:      layout_rooms, uniq_terence
D:3:      layout_loops_ring, shapermc_ecumenical_altar_petra,
          ebering_ghost_sewer_f, amcnicky_altar_lugonu_corruption
D:4:      layout_basic, mainiacjoe_overflow_boulevard

Skill      XL: |  1  2  3  4 |
---------------+-------------+-----
Ranged Weapons | 3 4 5 |  5.5
Fighting       | |  0.7
Dodging        | |  2.6
Spellcasting   | |  1.3
Hexes          | |  3.6

Action                     |  1- 3 |  4- 6 || total
---------------------------+-------+-------++-------
   Fire: Sling             |   112 |   124 ||   236
   Cast: Slow              |     3 |       ||     3
    Use: Scroll            |     1 |     1 ||     2
 Armour: Robe              |     4 |     4 ||     8
  Dodge: Dodged            |    13 |    39 ||    52
  Block: Other             |     7 |    11 ||    18
         Reflection        |       |     1 ||     1
